Cogmind - Beta 12 *** ADVENTURER MODE // 2023.03.18 @ 13:20:26 Player: soporte tecnico Result: Self-destructed Performance ------------- Evolutions (3) 1500 Regions Visited (6) 1200 Robots Destroyed (14) 70 Value Destroyed (408) 408 Prototype IDs (0) 0 Alien Tech Used (0) 0 Bonus (368) 368 TOTAL SCORE: 3546 Bonus ------- Follower Combat Kills 168 Entered Garrisons 200 Cogmind --------- Core Integrity 566/700 Matter 250/300 Energy 100/100 System Corruption 0% Temperature Cool (18) Movement Core (150) Ox2 Location -7/Garrison Parts ------- > --- POWER (2) -------- (None) > --- PROPULSION (4) --- (None) > --- UTILITY (5) ------ Small Storage Unit Improved Terrain Scanner Terrain Scan Processor Seismic Detector > --- WEAPON (2) ------- (None) > --- INVENTORY (8) ---- Hover Unit Improved Hover Unit Flight Unit Shield Generator Component Analysis Suite Heavy Flail Peak State ------------ > --- POWER ------------ Light Ion Engine > --- PROPULSION ------- Flight Unit Flight Unit Flight Unit Flight Unit > --- UTILITY ---------- Small Storage Unit Improved Terrain Scanner Terrain Scan Processor Shield Generator > --- WEAPON ----------- Heavy Flail > --- INVENTORY -------- Ion Engine Hover Unit Improved Hover Unit Flight Unit Seismic Detector Component Analysis Suite [Rating: 17] Favorites ----------- Power Light Ion Engine Engine Light Ion Engine Propulsion Aluminum Leg Leg Aluminum Leg Flight Unit Flight Unit Utility Small Storage Unit Device Seismic Detector Storage Small Storage Unit Processor Terrain Scan Processor Weapon Assault Rifle Energy Gun Medium Laser Ballistic Gun Assault Rifle Impact Weapon Heavy Flail Build | -11 -10 -9 -9 -8 -7 -7 ------- Run | Jun Mat Mat Sto Mat Fac Gar Slots Evolved 6 | . . 2 . 2 2 . Power 1 | . . . . . 1 . Propulsion 2 | . . 1 . 1 . . Utility 3 | . . 1 . 1 1 . Weapon . | . . . . . . . Parts Attached 23 | 6 1 1 7 6 2 . Power 4 | 1 . . 2 . 1 . Engine 4 | 1 . . 2 . 1 . Core . | . . . . . . . Reactor . | . . . . . . . Propulsion 10 | 2 . 1 5 2 . . Treads . | . . . . . . . Leg 5 | 2 . 1 2 . . . Wheel . | . . . . . . . Hover . | . . . . . . . Flight 5 | . . . 3 2 . . Utility 6 | 1 1 . . 3 1 . Device 4 | . 1 . . 2 1 . Storage 1 | 1 . . . . . . Processor 1 | . . . . 1 . . Hackware . | . . . . . . . Protection . | . . . . . . . Artifact . | . . . . . . . Weapon 3 | 2 . . . 1 . . Energy Gun 1 | 1 . . . . . . Energy Cannon . | . . . . . . . Ballistic Gun 1 | 1 . . . . . . Ballistic Cannon . | . . . . . . . Launcher . | . . . . . . . Special Weapon . | . . . . . . . Impact Weapon 1 | . . . . 1 . . Slashing Weapon . | . . . . . . . Piercing Weapon . | . . . . . . . Special Melee Weapon . | . . . . . . . Unidentified Prototypes . | . . . . . . . Parts Lost 8 | . . . 2 . . 6 Power 3 | . . . 1 . . 2 Propulsion 4 | . . . . . . 4 Utility . | . . . . . . . Weapon 1 | . . . 1 . . . Highest Loss Streak 5 | . . . 2 . . 5 To Critical Strikes . | . . . . . . . Average Slot Usage (%) 85 | . 98 88 75 76 76 67 Engine 11 | . 14 11 11 9 15 10 Leg 18 | . 28 33 19 . . . Flight 11 | . . . 12 36 30 25 Device 13 | . 12 11 11 16 15 15 Storage 11 | . 14 11 11 9 7 7 Processor 1 | . . . . 3 7 7 Energy Gun 7 | . 14 11 4 . . . Ballistic Gun 8 | . 14 11 6 . . . Naked Turns . | . . . . . . . Heaviest Build 15 | 12 13 13 13 14 15 15 Greatest Support 30 | 20 20 30 30 16 16 16 Greatest Overweight (x) 2 | . . . 1 . . 2 Average Overweight (x) . | . . . . . . . Largest Inventory Capacity 8 | 8 8 8 8 8 8 8 Average Capacity 7 | 6 8 8 8 8 8 8 Most Carried 7 | 3 6 5 5 7 7 6 Average Carried 4 | . 3 5 3 4 6 6 Final Capacity 8 | 8 8 8 8 8 8 8 Final Carried 6 | 1 6 5 4 6 6 6 Class Distribution -------------------- 69% | Mutant 24% | Scavenger-Sprinter 5% | Commander-Mutant Dominant Class ---------------- Mutant | -10/Materials Mutant | -9/Materials Mutant | -9/Storage Scavenger-Sprinter | -8/Materials Scavenger-Sprinter | -7/Factory Scavenger-Sprinter | -7/Garrison Resources | -11 -10 -9 -9 -8 -7 -7 ----------- Run | Jun Mat Mat Sto Mat Fac Gar Matter Collected 466 | 243 42 . 181 . . . Remotely . | . . . . . . . Salvage Created 506 | . 80 . 374 52 . . Parts 31 | . 7 . 22 2 . . Haulers Intercepted . | . . . . . . . Recyclers Shooed . | . . . . . . . Parts Field Recycled . | . . . . . . . Retrieved Matter . | . . . . . . . Parts Self-Destructed . | . . . . . . . Prevented . | . . . . . . . Kills | -11 -10 -9 -9 -8 -7 -7 ------- Run | Jun Mat Mat Sto Mat Fac Gar Combat Hostiles Destroyed 14 | . 2 . 11 1 . . Melee 1 | . . . . 1 . . Guns 13 | . 2 . 11 . . . Classes Destroyed 4 | . 1 . 3 . . . Swarmer 4 | . . . 4 . . . Grunt 8 | . 2 . 5 1 . . Brawler 1 | . . . 1 . . . Duelist 1 | . . . 1 . . . Best Kill Streak 4 | . 1 . 4 1 . . Combat Bots Only 4 | . 1 . 4 1 . . Max Kills in Single Turn 1 | . 1 . 1 1 . . Gunslinging . | . . . . . . . Exploded . | . . . . . . . Melee 1 | . . . . 1 . . Uniques/NPCs Destroyed . | . . . . . . . Combat | -11 -10 -9 -9 -8 -7 -7 -------- Run | Jun Mat Mat Sto Mat Fac Gar Damage Taken 1073 | . 93 . 484 158 . 338 Core 325 | . 11 . 110 70 . 134 Absorbed by Shields 54 | . . . . . . 54 Regen/Repaired (Parts) 22 | . . . . 22 . . Core Remaining (%) 88 | 100 95 . 72 87 . . Volleys Fired 42 | . 5 1 36 . . . Largest 2 | . 2 2 2 . . . Hottest 70 | . 70 70 70 . . . Shots Fired 64 | . 10 2 52 . . . Gun 64 | . 10 2 52 . . . Cannon . | . . . . . . . Launcher . | . . . . . . . Special . | . . . . . . . Kinetic 42 | . 5 1 36 . . . Thermal 22 | . 5 1 16 . . . Explosive . | . . . . . . . Electromagnetic . | . . . . . . . Robot Hit Streak 12 | . 6 8 12 . . . Robot Miss Streak 2 | . 1 . 2 . . . Penetration Max . | . . . . . . . Secondary Targets 2 | . . . 2 . . . Max Gunslinging Chain 1 | . . . 1 . . . Shots Hit Robots 55 | . 7 2 43 3 . . Core Hits 23 | . 3 1 19 . . . Critical Kills . | . . . . . . . Critical Parts Destroyed 1 | . . . . 1 . . Critical Strikes 3 | . 1 . 1 1 . . Burn 2 | . 1 . 1 . . . Smash 1 | . . . . 1 . . Melee Attacks 3 | . . . . 3 . . Impact 3 | . . . . 3 . . Slashing . | . . . . . . . Piercing . | . . . . . . . Sneak Attacks . | . . . . . . . Combat Hostiles . | . . . . . . . Follow-up Attacks . | . . . . . . . Damage Inflicted 821 | . 93 22 531 175 . . Guns 640 | . 87 22 531 . . . Cannons . | . . . . . . . Explosions . | . . . . . . . Melee 175 | . . . . 175 . . Ramming 6 | . 6 . . . . . Kinetic 402 | . 50 10 342 . . . Thermal 238 | . 37 12 189 . . . Explosive . | . . . . . . . Electromagnetic . | . . . . . . . Impact 175 | . . . . 175 . . Slashing . | . . . . . . . Piercing . | . . . . . . . Highest Corruption . | . . . . . . . Average Corruption . | . . . . . . . Corruption Purged . | . . . . . . . Corruption Blocked . | . . . . . . . Overload Shots . | . . . . . . . Overflow Damage 68 | . . . . 68 . . Projectiles . | . . . . . . . Explosions . | . . . . . . . Melee 68 | . . . . 68 . . Knockbacks . | . . . . . . . Impact . | . . . . . . . Kinetic . | . . . . . . . Secondary . | . . . . . . . Self-Inflicted Damage . | . . . . . . . Shots . | . . . . . . . Rammed . | . . . . . . . Targets Rammed 1 | . 1 . . . . . Kicked 1 | . 1 . . . . . Crushed . | . . . . . . . Highest Temperature 120 | . 39 . 120 . . 11 Average Temperature 44 | . 18 . 55 . . 11 Received Heat Transfer 549 | . 24 . 174 63 . 288 Siege Activations . | . . . . . . . Robots Corrupted . | . . . . . . . Combat Hostiles . | . . . . . . . Parts Fried . | . . . . . . . Impact Corruptions 1 | . . . . 1 . . Robots Melted . | . . . . . . . Combat Hostiles . | . . . . . . . Parts Melted 2 | . . . 2 . . . Heat Transferred 851 | . 185 37 629 . . . Parts Sabotaged . | . . . . . . . Parts Stolen . | . . . . . . . Parts Stripped . | . . . . . . . Power Chain Reactions . | . . . . . . . Missiles Intercepted . | . . . . . . . Alert | -11 -10 -9 -9 -8 -7 -7 ------- Run | Jun Mat Mat Sto Mat Fac Gar Peak Influence 487 | . 90 30 487 205 79 63 Initial 79 | . . . 10 78 79 48 Average 84 | . 31 5 216 109 79 46 Maximum Alert Level 2 | . . . 2 1 . . Low Security (%) 86 | 100 100 100 49 88 100 100 Level 1 10 | . . . 39 11 . . Level 2 2 | . . . 11 . . . Level 3 . | . . . . . . . Level 4 . | . . . . . . . Level 5 . | . . . . . . . High Security . | . . . . . . . Max Security . | . . . . . . . Squads Dispatched 9 | . . 1 6 1 1 . Investigation 4 | . . . 3 . 1 . Extermination . | . . . . . . . Reinforcement 1 | . . 1 . . . . Assault . | . . . . . . . Garrison 4 | . . . 3 1 . . Intercept . | . . . . . . . Searches Triggered . | . . . . . . . Construction Impeded . | . . . . . . . Haulers Reinforced . | . . . . . . . Active Scanning Responses . | . . . . . . . Cargo Convoy Interrupts . | . . . . . . . Stealth | -11 -10 -9 -9 -8 -7 -7 --------- Run | Jun Mat Mat Sto Mat Fac Gar Distress Signals 4 | . 1 . 3 . . . Communications Jammed . | . . . . . . . Distress Signals . | . . . . . . . Times Spotted 46 | . 5 3 20 13 . 5 Peak Tracking Total 7 | . 2 2 5 7 . 5 Tactical Retreats 5 | . 1 . 2 2 . . Traps | -11 -10 -9 -9 -8 -7 -7 ------- Run | Jun Mat Mat Sto Mat Fac Gar Traps Triggered 4 | . 1 . 1 . . 2 Indirectly . | . . . . . . . Trap Hack Attempts . | . . . . . . . Triggered . | . . . . . . . Disarmed 4 | . . . 4 . . . Reprogrammed . | . . . . . . . Reused . | . . . . . . . Traps Extracted . | . . . . . . . Installed . | . . . . . . . Triggered . | . . . . . . . Machines | -11 -10 -9 -9 -8 -7 -7 ---------- Run | Jun Mat Mat Sto Mat Fac Gar Machines Disabled . | . . . . . . . Max in Single Turn . | . . . . . . . Machines Repaired . | . . . . . . . Machines Sabotaged . | . . . . . . . Overloaded Fab Kills . | . . . . . . . Hacking | -11 -10 -9 -9 -8 -7 -7 --------- Run | Jun Mat Mat Sto Mat Fac Gar Machines Accessed 18 | . 6 1 8 2 1 . Terminals 12 | . 4 . 7 1 . . Fabricators . | . . . . . . . Repair Stations 1 | . . . . 1 . . Recycling Units 4 | . 2 1 1 . . . Scanalyzers . | . . . . . . . Garrison Access 1 | . . . . . 1 . Total Hacks 45 | . 13 2 22 5 3 . Successful 24 | . 6 . 12 5 1 . Failed 21 | . 7 2 10 . 2 . Catastrophic 2 | . . . 1 . 1 . Database Lockouts . | . . . . . . . Manual 1 | . . . 1 . . . Terminals 31 | . 9 . 21 1 . . Fabricators . | . . . . . . . Repair Stations 4 | . . . . 4 . . Recycling Units 7 | . 4 2 1 . . . Scanalyzers . | . . . . . . . Garrison Access 3 | . . . . . 3 . Terminal Hacks 16 | . 4 . 11 1 . . Record 1 | . . . . 1 . . Robot Analysis 1 | . 1 . . . . . Open Door 2 | . . . 2 . . . Level Access Points 1 | . . . 1 . . . Branch Access Points 1 | . . . 1 . . . Emergency Access Points 1 | . 1 . . . . . Alert Level 3 | . . . 3 . . . Unreport Threat 2 | . . . 2 . . . Disarm Traps 1 | . . . 1 . . . Hauler Manifests 2 | . 1 . 1 . . . Zone Layout 1 | . 1 . . . . . Fabricator Hacks . | . . . . . . . Repair Station Hacks 4 | . . . . 4 . . Scan Component 2 | . . . . 2 . . Repair 2 | . . . . 2 . . Recycling Unit Hacks 3 | . 2 . 1 . . . Retrieve Components 3 | . 2 . 1 . . . Scanalyzer . | . . . . . . . Garrison Access Hacks 1 | . . . . . 1 . Unlock Access 1 | . . . . . 1 . Unauthorized Hacks . | . . . . . . . Terminals . | . . . . . . . Fabricators . | . . . . . . . Repair Stations . | . . . . . . . Recycling Units . | . . . . . . . Scanalyzers . | . . . . . . . Garrison Access . | . . . . . . . Data Cores Recovered . | . . . . . . . Used . | . . . . . . . Hacking Detections 10 | . 2 1 6 . 1 . Full Trace Events 3 | . . . 2 . 1 . Feedback Events . | . . . . . . . Feedback Blocked . | . . . . . . . Robot Schematics Acquired . | . . . . . . . Robots Built . | . . . . . . . Authchips . | . . . . . . . Time . | . . . . . . . Total Robot Build Rating . | . . . . . . . Part Schematics Acquired . | . . . . . . . Parts Built . | . . . . . . . Authchips . | . . . . . . . Time . | . . . . . . . Total Part Build Rating . | . . . . . . . Parts Repaired 2 | . . . . 2 . . Time 52 | . . . . 52 . . Parts Recycled . | . . . . . . . Recycled Matter . | . . . . . . . Retrieved Matter . | . . . . . . . Retrieved Components 12 | . 3 . 9 . . . Parts Scanalyzed . | . . . . . . . Part Schematics Acquired . | . . . . . . . Parts Damaged . | . . . . . . . Bothacking | -11 -10 -9 -9 -8 -7 -7 ------------ Run | Jun Mat Mat Sto Mat Fac Gar Used RIF Installer . | . . . . . . . Robots Hacked . | . . . . . . . Non-combat . | . . . . . . . Combat . | . . . . . . . Robot Hacks Applied . | . . . . . . . Relay Couplers Released . | . . . . . . . Fabnet Peak Effective % . | . . . . . . . Robots Rewired . | . . . . . . . Allies Hacked . | . . . . . . . Hacks Repelled . | . . . . . . . Allies | -11 -10 -9 -9 -8 -7 -7 -------- Run | Jun Mat Mat Sto Mat Fac Gar Total Allies 10 | . . . 10 . . . Largest Group 10 | . . . 10 . . . Highest-Rated Group 88 | . . . 88 . . . Highest-Rated Ally 16 | . . . 16 . . . Total Orders . | . . . . . . . Ally Attacks 38 | . . . 38 . . . Total Damage 313 | . . . 313 . . . Kills 7 | . . . 7 . . . Allies Corrupted . | . . . . . . . Allies Melted . | . . . . . . . Intel | -11 -10 -9 -9 -8 -7 -7 ------- Run | Jun Mat Mat Sto Mat Fac Gar Robot Analysis Total 1 | . 1 . . . . . Derelict Logs Recovered . | . . . . . . . Drone Launches . | . . . . . . . Drone Recoveries . | . . . . . . . Exploration | -11 -10 -9 -9 -8 -7 -7 ------------- Run | Jun Mat Mat Sto Mat Fac Gar Turns Passed 1630 | 72 627 141 369 256 40 125 Spaces Moved 1828 | 63 461 115 323 574 110 182 Core 23 | 22 . . . . . 1 Treads . | . . . . . . . Legs 723 | 41 461 115 106 . . . Wheels . | . . . . . . . Hover . | . . . . . . . Flight 1082 | . . . 217 574 110 181 Fastest Speed 31 | 50 120 120 34 31 31 31 Average Speed 67 | 95 120 120 64 31 31 37 Slowest Speed 200 | 120 120 120 190 31 31 200 Overloaded Moves . | . . . . . . . Propulsion Burnouts . | . . . . . . . Robots Hopped 8 | . . . 2 4 . 2 Cave-ins Triggered . | . . . . . . . Exploration Rate (%) 26 | 4 47 14 50 51 3 15 Regions Visited 6 Branch Regions 1 Pre-discovered Areas . | . . . . . . . Known Exits Taken 2 | . . . 1 . 1 . Unknown Exits Taken 4 | 1 1 1 . 1 . . Scrap Searched . | . . . . . . . Spaces Dug . | . . . . . . . Terrain Destroyed . | . . . . . . . Melee . | . . . . . . . Projectile . | . . . . . . . AOE . | . . . . . . . Terrain Rammed . | . . . . . . . Walls Destroyed . | . . . . . . . Machines Disabled . | . . . . . . . Actions | -11 -10 -9 -9 -8 -7 -7 --------- Run | Jun Mat Mat Sto Mat Fac Gar Total 2139 | 75 524 116 429 642 116 237 Wait 196 | . 51 . 56 56 3 30 Move 1807 | 62 460 114 318 566 109 178 Hop 7 | . . . 2 3 . 2 Pick Up 27 | 7 6 . 6 8 . . Fast Attach . | . . . . . . . Attach 21 | 6 1 1 6 5 2 . Detach 2 | . . . . . 2 . Swap 2 | . . . 1 1 . . Drop 4 | . . . 4 . . . Fire 42 | . 5 1 36 . . . Melee 3 | . . . . 3 . . Ram . | . . . . . . . Kick 1 | . 1 . . . . . Crush . | . . . . . . . Escape Stasis 27 | . . . . . . 27 Rewire . | . . . . . . . Trap . | . . . . . . . Miscellaneous . | . . . . . . . Route ------- -11/Junkyard -10/Materials -9/Materials -9/Storage (discovered 2 exits: *Mat / Rec) -8/Materials -7/Factory -7/Garrison History --------- Turn | Location | Event 4 | -11/Junkyard | Discovered new exit (range 16) 73 | -11/Junkyard | Entered Materials 313 | -10/Materials | Build established: Mutant 517 | -10/Materials | Discovered new exit (range 15) 700 | -10/Materials | Entered another Materials area 700 | -9/Materials | Evolved 2 slots: Propulsion x1, Utility x1 826 | -9/Materials | Discovered new exit (range 5) 841 | -9/Materials | Entered Storage 858 | -9/Storage | Identified exit to Materials 959 | -9/Storage | Garrison activated, responded to threat 1118 | -9/Storage | Identified exit to Recycling 1122 | -9/Storage | Assisted by bots powering up and referring to "LRC-V3" 1210 | -9/Storage | Entered Materials 1210 | -8/Materials | Evolved 2 slots: Propulsion x1, Utility x1 1254 | -8/Materials | Repaired Flight Unit 1281 | -8/Materials | Repaired Seismic Detector 1395 | -8/Materials | Garrison activated, responded to threat 1464 | -8/Materials | Discovered new exit (range 5) 1466 | -8/Materials | Entered Factory 1466 | -7/Factory | Evolved 2 slots: Power x1, Utility x1 1506 | -7/Factory | Identified exit to Garrison 1506 | -7/Factory | Entered Garrison 1512 | -7/Garrison | Build established: Scavenger-Sprinter 1552 | -7/Garrison | Triggered checkpoint 1631 | -7/Garrison | Self-destructed Last Messages --------------- 01606_ Field strength at 80. 01607_ Field strength at 75. 01608_ Field strength at 70. 01609_ Field strength at 65. 01610_ Flight Unit destroyed. 01610_ Field strength at 56. 01611_ Field strength at 51. 01612_ Flight Unit destroyed. 01612_ Field strength at 43. 01612_ Flight Unit destroyed. 01613_ Field strength at 34. 01614_ Field strength at 29. 01614_ Critical hit (Burn: +25). 01615_ Field strength at 18. 01616_ Field strength at 10. 01617_ Stasis field depleted. 01617_ Critical hit (Burn: +37). 01627_ Flight Unit destroyed. 01629_ Ion Engine destroyed. 01629_ Critical hit (Burn: +37). Map ----- +----------------------------------------------------+ | ######???????????????????????????????? | | #???????????????????????????????? | | #???????????????????????????????? | | ### #???????????????????????????????? | | ??# #???????????????????????????????? | | ??# #???????????????????????????????? | | ??# #???????????????????????????????? | | ??# #???????????????????????????????? | | ??# #???????????????????????????????? | | ??# #???????????????????????????????? | | ??# #???????????????????????????????? | | ??# #???????????????????????????????? | | ??# #???????????????????????????????? | | ??# #???????????????????????????????? | | ??# #???????????????????????????????? | | ??# #???????????????????????????????? | | ??# #???????????????????????????????? | | ??# #???????????????????????????????? | | ??# #???????????????????????????????? | | ??# #???????#####???????????????????? | | ??# #???????# #???????????????????? | | ??# ######### ###########?????????? | | ??# #?????????? | | ??# #?????????? | | ??####################### #?????????? | | ????????????????????????#@ #?????????? | | ??????????????????????### #?????????? | | ????????????######????# #?????????? | | ????????????# #????# ggg#?????????? | | ????????????## #????# g #?????????? | | ????????????### #????### g#?????????? | | ????????????# #??????# ^#?????????? | | ????????????# #??????# ^#?????????? | | ????????????# ##??????# #?????????? | | ????????????### #???????# #?????????? | | ??????????????# ###"""### #?????????? | | ??????????????# #?????????? | | ??????????????# #?????????? | | ??????????????##### ######?????????? | | ?????????????????#"""""#?????????????? | | ?????????????????#######?????????????? | | ?????????????????????????????????????? | | ?????????????????????????????????????? | | ?????????????????????????????????????? | | ?????????????????????????????????????? | | ?????????????????????????????????????? | | ?????????????????????????????????????? | | | | | | | +----------------------------------------------------+ Best States ------------- Heat Dissipation 34 Energy Generation 15 Energy Capacity 275 Matter Stores 300 Matter Capacity 300 Sight Range 16 Terrain Scan Range 16 Terrain Scan Density 85 Resistance: KI 20 Resistance: TH 20 Resistance: EX 20 Resistance: EM 20 Resistance: I 20 Resistance: S 20 Resistance: P 20 Evasion (%) 63 Offensive Hacking 10 Item Schematics ----------------- None Robot Schematics ------------------ None Fabricated ------------ Nothing Alien Tech Used ----------------- None Achievements -------------- None Challenges ------------ None Game ------ Seed ScrapDisposableMembrane Manual? 0 Play Time 00:27:01 Cumulative 14.5 hours Start 2023.03.18 @ 11:42:51 End 2023.03.18 @ 13:20:26 Sessions 2 Manual Loads 0 Difficulty Adventurer Special Mode None Game No. 18 Rogue 0 Adventurer 18 Explorer 0 Win Type - Total 0 Types 0/0/0/0/0/0/0/0/0 Lore% 20 Gallery% 16 Achievement% 16 Wizard Run 0 Options --------- ASCII 0 Keyboard 0 Movement Arrows Keybinds 0 Fullscreen 1 Font 12/Smallcaps Map View 76x50 Tactical HUD 1 Map Filters NONE Filters NONE Steam 1 RUN: f0639005-3ac8-4064-9ad4-4452c3403c7e